 Seeded DCSS version 0.28-a0-691-gad6df49e81 (webtiles) character file.

Game seed: 20211023 (custom seed)

607 a11behringer the Cudgeller (level 7, -3/67 HPs)
             Began as a Troll Berserker on Oct 23, 2021.
             Was a Priest of Trog.
             Slain by an iguana (9 damage)
             ... on level 5 of the Dungeon.
             The game lasted 00:14:42 (3167 turns).

a11behringer the Cudgeller (Troll Berserker)        Turns: 3167, Time: 00:14:44

Health: -3/67      AC: 12    Str: 27    XL:     7   Next: 19%
Magic:  6/6        EV:  8    Int:  3    God:    Trog [***...]
Gold:   201        SH:  7    Dex: 10    Spells: 6/6 levels left

rFire   . . .      SeeInvis .   l - +0 flail (protect)
rCold   . . .      Faith    .   j - +0 kite shield
rNeg    . . .      Spirit   .   b - +0 animal skin
rPois   .          Reflect  .   (helmet restricted)
rElec   .          Harm     .   q - +0 cloak
rCorr   .          Rampage  .   (gloves unavailable)
Will    ++...                   (boots unavailable)
Stlth   +.........              (no amulet)
HPRegen 2.21/turn               (no ring)
MPRegen 0.10/turn               (no ring)

@: strong-willed (expiring), under a protective aura, on berserk cooldown,
regenerating (expiring), slowed, very slow
A: large, unfitting armour, claws 3, regeneration 1, shaggy fur 1, tough skin 1
a: Renounce Religion, Berserk, Trog's Hand


You were on level 5 of the Dungeon.
You worshipped Trog.
Trog was most pleased with you.
You visited 1 branch of the dungeon, and saw 5 of its levels.

You collected 201 gold pieces.

Inventory:

Hand Weapons
 a - a +0 mace
 l - a +0 flail of protection (weapon)
 o - a +0 giant club
Missiles
 m - 6 javelins (quivered)
Armour
 b - a +0 animal skin (worn)
 j - a +0 kite shield (worn)
 q - a +0 cloak (worn)
Wands
 p - a wand of acid (10)
Scrolls
 i - 2 scrolls of teleportation {unknown}
 k - a scroll of noise {unknown}
 n - a scroll of identify {unknown}
Potions
 c - 2 potions of curing {unknown}
 d - 2 potions of lignification {unknown}
 e - 2 potions of attraction {unknown}
 f - a potion of brilliance {unknown}
 g - a potion of heal wounds {unknown}
 h - a potion of berserk rage {unknown}


   Skills:
 + Level 3.4 Fighting
 * Level 6.0 Maces & Flails
 + Level 3.6 Dodging
 * Level 1.9 Shields


You had 6 spell levels left.
You didn't know any spells.
Your spell library was empty.

Dungeon Overview and Level Annotations

Branches:
Dungeon (5/15)
 Temple: D:4-7

Altars:
Dithmenos
Okawaru

Shops:
D:5 !

Annotations:
D:5 Edmund, Prince Ribbit


Innate Abilities, Weirdness & Mutations

You are too large for most types of armour.
You have claws for hands.
Your natural rate of healing is unusually fast.
You are covered in fur. (AC +1)
You have tough skin. (AC +1)


Message History

Prince Ribbit is almost dead.
The iguana bites you!
* * * LOW HITPOINT WARNING * * *
The orc priest closely misses you.
Prince Ribbit blinks!
An orc comes into view. It is wielding a +0 dagger.
The iguana bites you.
* * * LOW HITPOINT WARNING * * *
Prince Ribbit blinks!
Found 21 stones.
You feel a strong urge to attack something.
The orc shouts!
You hear a shout!
Prince Ribbit blinks!
The orc closely misses you.
You closely miss the orc.
The orc priest calls down the wrath of Beogh upon you.
Beogh smites you!
* * * LOW HITPOINT WARNING * * *
You hit the orc.
The orc is almost dead.
You feel the effects of Trog's Hand fading.
The orc hits you with a +0 flail.
* * * LOW HITPOINT WARNING * * *
The iguana bites you but does no damage.
You sock the orc!
You kill the orc!
Trog accepts your kill.
Prince Ribbit blinks!
The iguana barely misses you.
Edmund the Younger comes into view.
He is wielding a +1 antimagic flail.
Your Maces & Flails skill increases to level 6!
You barely miss the orc priest. The iguana bites you.
* * * LOW HITPOINT WARNING * * *
Edmund drinks a potion.
Edmund seems to speed up.
You block the orc priest's attack.
You sock the orc priest!
The orc priest is heavily wounded.
You are no longer berserk.
You are exhausted.
You feel yourself slow down. The orc hits you with a +0 dagger.
* * * LOW HITPOINT WARNING * * *
Prince Ribbit blinks!
The iguana bites you!
You die...

#..#.....##.......#
#.#...............#
.....§............#
..................##
#.................#
#.....<...)......##
∩....§....)†.......#
.........$)lo......#
......@.....@o......
.##......#.........#
.....####.######...
...### ### .( ...


You could see Edmund (fast), an iguana, an orc priest and an orc.

Vanquished Creatures
  An orc warrior (D:4)
  An ogre (D:4)
  Blork the orc (D:4)
  2 orc priests (D:4)
  A hound (D:5)
  Crazy Yiuf (D:4)
  Ijyb (D:5)
  4 orc wizards
  A gnoll (D:5)
  2 worms (D:2)
  4 dart slugs
  16 orcs
  6 endoplasms
  6 giant cockroaches
  7 goblins
  5 hobgoblins (D:2)
  11 jackals
  4 kobolds
  3 quokkas
  6 ball pythons
  5 bats
  3 frilled lizards
  8 rats
99 creatures vanquished.

Notes
Turn   | Place    | Note
-------+----------+-------------------------------------------
     0 | D:1      | a11behringer the Troll Berserker began the quest for the
                  | Orb.
     0 | D:1      | Reached XP level 1. HP: 22/22 MP: 0/0
   130 | D:1      | Reached skill level 3 in Maces & Flails
   130 | D:1      | Reached XP level 2. HP: 29/29 MP: 1/1
   131 | D:1      | Found a faded altar of an unknown god.
   466 | D:1      | Reached XP level 3. HP: 36/36 MP: 2/2
   769 | D:2      | Reached ** piety under Trog
  1071 | D:2      | Reached XP level 4. HP: 44/44 MP: 3/3
  1482 | D:3      | Found an iron altar of Okawaru.
  1638 | D:3      | HP: 1/44 [orc (6)]
  1656 | D:3      | Reached skill level 4 in Maces & Flails
  2107 | D:4      | Noticed an orc warrior
  2122 | D:4      | Killed an orc warrior
  2123 | D:4      | Reached skill level 1 in Shields
  2123 | D:4      | Reached XP level 5. HP: 53/53 MP: 4/4
  2177 | D:4      | Found a shadowy altar of Dithmenos.
  2275 | D:4      | Noticed an ogre
  2282 | D:4      | Killed an ogre
  2283 | D:4      | Reached skill level 5 in Maces & Flails
  2283 | D:4      | Reached XP level 6. HP: 53/61 MP: 5/5
  2344 | D:4      | Reached *** piety under Trog
  2896 | D:4      | Found a runed translucent door.
  2897 | D:4      | Noticed Crazy Yiuf
  2962 | D:4      | Killed Crazy Yiuf
  3033 | D:4      | Noticed Blork the orc
  3041 | D:4      | Killed Blork the orc
  3042 | D:4      | Reached XP level 7. HP: 67/67 MP: 6/6
  3123 | D:5      | Entered Level 5 of the Dungeon
  3123 | D:5      | Noticed Ijyb
  3123 | D:5      | Found Kuoress's Distillery.
  3134 | D:5      | Killed Ijyb
  3152 | D:5      | Noticed Prince Ribbit
  3165 | D:5      | Noticed Edmund
  3166 | D:5      | Reached skill level 6 in Maces & Flails
  3167 | D:5      | Slain by an iguana

Illustrated notes

Levels and vault maps discovered:
D:1:      dpeg_arrival_prison, layout_rooms, ebering_ecumenical_altar_abandoned,
          hangedman_decor_growths, columned_hall_lemuel
D:2:      layout_rooms
D:3:      layout_basic, mainiacjoe_overflow_boulevard, amcnicky_mini_pool_small
D:4:      layout_loops_ring, overflow_temple_1_default, grunt_decor_clamped,
          uniq_crazy_yiuf_cottage, uniq_blork_the_orc
D:5:      layout_rooms, doesnt_xom_only_xom, serial_shops,
          nicolae_lakefront_shop, nicolae_diamond_shop, shop, shop,
          uniq_duvessa, uniq_menkaure, uniq_ijyb, uniq_edmund,
          uniq_prince_ribbit1

Skill      XL: |  1  2  3  4  5  6  7 |
---------------+----------------------+-----
Maces & Flails | 3 4 5 6 |  6.0
Dodging        | 3 |  3.6
Fighting       | 3 |  3.4
Shields        | 1 |  1.9

Action                   |  1- 3 |  4- 6 |  7- 9 || total
-------------------------+-------+-------+-------++-------
Melee: Mace              |   148 |    34 |       ||   182
       Flail             |       |   115 |    32 ||   147
Invok: Berserk           |       |     5 |     1 ||     6
       Trog's Hand       |       |     2 |     2 ||     4
 Stab: Sleeping          |       |     1 |       ||     1
Armor: Animal skin       |   114 |    81 |    22 ||   217
Dodge: Dodged            |   179 |    61 |    26 ||   266
Block: Kite shield       |       |    52 |    21 ||    73

Table legend: (Time is in decaauts)
 A = Elapsed time spent in this place.
 B = Non-inter-level travel time spent in this place.
 C = Inter-level travel time spent in this place.
 D = Time resting spent in this place.
 E = Time spent auto-exploring this place.
 F = Levels seen in this place.
 G = Mean time per level.
                   A        B        C        D        E       F      G
               +--------+--------+--------+--------+--------+-----+--------+
         Total |   3315 |   2631 |    684 |      0 |   1836 |   5 |  663.0 |
       Dungeon |   3315 |   2631 |    684 |      0 |   1836 |   5 |  663.0 |
               +--------+--------+--------+--------+--------+-----+--------+

Top non-repeatable levels by time:
     D:4: 1065 daAuts
     D:3: 969 daAuts
     D:1: 782 daAuts
     D:2: 447 daAuts
     D:5: 50 daAuts
